 Dungeon Crawl Stone Soup version 0.29-a0-352-g0917bc69df (webtiles) character file.

Game seed: 17438377966812542516

32 spaghetti the Caller (level 3, -3/25 HPs)
             Began as a Gnoll Wanderer on Apr 24, 2022.
             Was an Initiate of Yredelemnul.
             Frozen to death by an endoplasm (5 damage)
             ... on level 2 of the Dungeon.
             The game lasted 00:02:57 (1831 turns).

spaghetti the Caller (Gnoll Wanderer)               Turns: 1831, Time: 00:02:58

Health: -3/25      AC:  2    Str:  9    XL:     3   Next: 25%
Magic:  3/9        EV: 12    Int: 14    God:    Yredelemnul [......]
Gold:   69         SH:  0    Dex: 12    Spells: 8/12 levels left

rFire   . . .      SeeInvis .   a - +0 dagger {short}
rCold   . . .      Faith    .   (no shield)
rNeg    . . .      Spirit   .   d - +0 robe
rPois   .          Reflect  .   (no helmet)
rElec   .          Harm     .   (no cloak)
rCorr   .          Rampage  .   (no gloves)
Will    .....                   (no boots)
Stlth   +.........              (no amulet)
HPRegen 0.08/turn               (no ring)
MPRegen 0.11/turn               (no ring)

@: slowed, very slow
A: fangs 1, strong nose, distributed training
a: Renounce Religion, Recall Undead Harvest


You were on level 2 of the Dungeon.
You worshipped Yredelemnul.
Yredelemnul was noncommittal.
You visited 1 branch of the dungeon, and saw 2 of its levels.

You collected 69 gold pieces.


Innate Abilities, Weirdness & Mutations

You have very sharp teeth.
Your uncanny sense of smell can sniff out nearby items.
Your experience applies equally to all skills.


   Skills:
 + Level 0.7 Fighting
 + Level 0.7 Short Blades
 + Level 0.7 Long Blades
 + Level 0.7 Axes
 + Level 0.7 Maces & Flails
 + Level 0.7 Polearms
 + Level 0.7 Staves
 + Level 0.7 Slings
 + Level 0.7 Bows
 + Level 0.7 Crossbows
 + Level 2.6 Throwing
 + Level 2.6 Armour
 + Level 2.6 Dodging
 + Level 0.7 Stealth
 + Level 0.7 Shields
 + Level 0.7 Unarmed Combat
 + Level 5.0 Spellcasting
 + Level 0.5 Conjurations
 + Level 0.5 Hexes
 + Level 5.4 Summonings
 + Level 0.5 Necromancy
 + Level 0.5 Translocations
 + Level 0.5 Transmutations
 + Level 0.5 Fire Magic
 + Level 0.5 Ice Magic
 + Level 2.1 Air Magic
 + Level 0.5 Earth Magic
 + Level 0.5 Poison Magic
 + Level 2.6 Invocations
 + Level 0.7 Evocations


You had 8 spell levels left.
You knew the following spells:

 Your Spells              Type           Power      Damage    Failure   Level
a - Summon Small Mammal   Summ           72%        N/A       1%          1
b - Call Canine Familiar  Summ           18%        N/A       5%          3

Your spell library contained the following spells:

 Spells                   Type           Power      Damage    Failure   Level
 Call Imp                 Summ           18%        N/A       2%          2
 Corpse Rot               Necr/Air       14%        N/A       16%         2
 Static Discharge         Conj/Air       7%         N/A       16%         2
 Portal Projectile        Hex/Tloc       8%         N/A       38%         3
 Animate Armour           Summ/Erth      22%        N/A       45%         4
 Leda's Liquefaction      Hex/Erth       2%         N/A       80%         4

Inventory:

Hand Weapons
 a - a +0 dagger (weapon) {short}
Missiles
 b - 11 poisoned darts (quivered) {throwing}
Armour
 d - a +0 robe (worn)
Scrolls
 c - a scroll of summoning
 f - a scroll of identify {unknown}
 i - a scroll of vulnerability {unknown}
Potions
 e - 2 potions of curing {@q1}
 g - a potion of degeneration {unknown}
 h - a potion of brilliance {unknown}
 j - a potion of flight {unknown}

Dungeon Overview and Level Annotations

Branches:
Dungeon (2/15)

Altars:
Yredelemnul

Annotations:
D:2 Natasha

###.)...#...###
...............
........#######
...............
...........####
## ##########.#
.#..## ∆ ∆ #.####
......### #.....
#...Sh@### #.####
#+#..J§..###
#.####
###.5....###
#....#
###......###
#....#
###......#+#....#
∆ ###......#....#
##......##.####
##......###.# ∆
##......## #.#


You could see Natasha, a white imp (summoned), an endoplasm and a ball python.


Message History

😕 HP[-1]
You take 1 damage, and now have 21/25 hp.
You hit the goblin.
You kill the goblin!
You see here a +0 club {mace}.
Key pressed, stopping explore.
Key pressed, stopping explore.
Natasha, Servant of Life and Death comes into view.
Natasha hisses angrily.
Natasha howls an incantation.
You feel disoriented.
An endoplasm comes into view. 😎 HP[+4]
Your hp is fully restored (25).
A ball python comes into view.
Natasha casts a spell at you. The magic dart hits you.
The endoplasm quivers. 😕 HP[-6]
You take 6 damage, and now have 19/25 hp.
MASSIVE DAMAGE!! (PAUSE)
You are too injured to fight recklessly! 😕 HP[+1]
Okay, then.
Okay, then.
Cast which spell? (? or * to list)
The spell is quite dangerous to miscast (5% risk of failure)!
Continue anyway?
You miscast Call Canine Familiar.
You are very lightly contaminated with residual magic.
Nothing appears to happen.
The ball python hisses angrily. 😕 MP[-3]
You lost 3 mp, and now have 6/9 mp.
Casting: Call Canine Familiar (quite dangerous; 5% risk of failure)
Confirm with . or Enter, or press ? or * to list all spells.
The spell is quite dangerous to miscast (5% risk of failure)!
Continue anyway?
Natasha mumbles some strange words. 😕 MP[-3]
You lost 3 mp, and now have 3/9 mp.
Casting: Call Canine Familiar (quite dangerous; 5% risk of failure)
Confirm with . or Enter, or press ? or * to list all spells.
The endoplasm hits you.
Your hound bites the white imp but does no damage.
Natasha barely misses you.
The white imp misses your bat. 😮 HP[-2] MP[-1]
You take 2 damage, and now have 18/25 hp.
You lost 1 mp, and now have 2/9 mp.
You barely miss Natasha.
Your bat closely misses Natasha.
Your hound bites the white imp.
Your bat hits the endoplasm. The endoplasm barely misses you.
Natasha barely misses you.
You closely miss Natasha. Your bite misses Natasha.
Your bat closely misses Natasha.
Your bat barely misses Natasha.
Your hound barely misses the white imp.
The white imp hits your bat.
Your bat dies!
Your bat's corpse disappears in a puff of smoke!
The endoplasm closely misses you. Natasha completely misses you.
You hit Natasha but do no damage. The white imp gestures at you.
The puff of frost hits your hound!
Your hound bites the white imp.
The endoplasm closely misses you.
Natasha stares at you and mumbles some strange words.
The magic dart hits you. 😮 HP[-3]
You take 3 damage, and now have 15/25 hp.
You closely miss Natasha.
Your hound barely misses the white imp.
The white imp hits your hound. The white imp freezes your hound.
The endoplasm barely misses you. Natasha claws you.
Your hound bites the white imp. 😮 HP[-2]
You take 2 damage, and now have 13/25 hp.
You hit Natasha. The white imp barely misses your hound.
Your hound closely misses the white imp.
The endoplasm hits you but does no damage.
Natasha closely misses you.
You closely miss Natasha. Your bite misses Natasha.
Your hound barely misses the white imp.
The white imp gestures at your hound. The puff of frost hits your hound!
Your hound dies!
Your hound's corpse disappears in a puff of smoke!
The endoplasm freezes you.
You are frozen.
* * * LOW HITPOINT WARNING * * *
Natasha stares at you and mumbles some strange words.
You feel yourself slow down.
The white imp shouts!
Your magical contamination has completely faded away. 😨 HP[-5]
You take 5 damage, and now have 8/25 hp.
Unknown command.
Unknown command.
It was a potion of curing.
You feel better. The white imp gestures at you. The puff of frost hits you!
Ouch! That really hurt!
* * * LOW HITPOINT WARNING * * *
The endoplasm freezes you.
You are frozen.
You die...
Your body rises from the dead as a mindless zombie.

Skill      XL: |  1  2  3 |
---------------+----------+-----
Air Magic      | 2 |  2.1
Spellcasting   | 5 |  5.0
Fighting       | |  0.7
Short Blades   | |  0.7
Long Blades    | |  0.7
Axes           | |  0.7
Maces & Flails | |  0.7
Polearms       | |  0.7
Staves         | |  0.7
Slings         | |  0.7
Bows           | |  0.7
Crossbows      | |  0.7
Throwing       | |  2.6
Armour         | |  2.6
Dodging        | |  2.6
Stealth        | |  0.7
Shields        | |  0.7
Unarmed Combat | |  0.7
Conjurations   | |  0.5
Hexes          | |  0.5
Summonings     | |  5.4
Necromancy     | |  0.5
Translocations | |  0.5
Transmutations | |  0.5
Fire Magic     | |  0.5
Ice Magic      | |  0.5
Earth Magic    | |  0.5
Poison Magic   | |  0.5
Invocations    | |  2.6
Evocations     | |  0.7

Action                   || total
-------------------------++-------
Melee: Dagger            ||   102
       Bite              ||    15
 Cast: Summon Small Mamm ||     8
       Call Canine Famil ||     1
  Use: Potion            ||     1
 Stab: Sleeping          ||     2
Armor: Robe              ||    23
Dodge: Dodged            ||    73

Levels and vault maps discovered:
D:1:      minmay_arrival_wavy_path, layout_loops_ring,
          dreamdust_ecumenical_altar_drowned_temple, chequers_mini_garden
D:2:      minmay_razor_zed, layout_basic, basic_altar, uniq_natasha, uniq_robin

Notes
Turn   | Place    | Note
-------+----------+-------------------------------------------
     0 | D:1      | spaghetti the Gnoll Wanderer began the quest for the Orb.
     0 | D:1      | spaghetti set off with the following items: a +0 dagger
                  | {short}, 11 poisoned darts {throwing}, a scroll of
                  | summoning, a +0 robe; and the following spell memorised:
                  | Summon Small Mammal; and the following spells available to
                  | memorise: Call Imp, Corpse Rot, Static Discharge, Animate
                  | Armour
     0 | D:1      | Reached XP level 1. HP: 13/13 MP: 6/6
     0 | D:1      | magus.rc [v1.9.6]
   375 | D:1      | Reached skill level 2 in Air Magic
   556 | D:1      | Reached XP level 2. HP: 13/19 MP: 7/7
   739 | D:1      | magus.rc [v1.9.6]
   847 | D:1      | Found a faded altar of an unknown god.
   855 | D:1      | Prayed at the altar of an unknown god.
   855 | D:1      | Became a worshipper of Yredelemnul the Dark
   855 | D:1      | Reached * piety under Yredelemnul
  1144 | D:1      | You pick up a book of the Hunter and begin reading...
  1144 | D:1      | You add the spells Call Canine Familiar, Portal Projectile
                  | and Leda's Liquefaction to your library.
  1359 | D:1      | Reached XP level 3. HP: 19/25 MP: 9/9
  1363 | D:1      | Learned a level 3 spell: Call Canine Familiar
  1466 | D:1      | Reached ** piety under Yredelemnul
  1496 | D:1      | Reached skill level 5 in Spellcasting
  1819 | D:2      | Noticed Natasha
  1831 | D:2      | HP: 2/25 [white imp/puff of frost[Natasha] (13)]
  1831 | D:2      | Frozen to death by an endoplasm

Vanquished Creatures
  A dart slug (D:1)
  2 ball pythons
  3 endoplasms (D:1)
  4 goblins
  2 jackals (D:1)
  A quokka (D:1)
  A bat (D:2)
  A rat (D:1)
15 creatures vanquished.

Vanquished Creatures (collateral kills)
  2 bats (D:1)
  2 endoplasms (D:1)
  A giant cockroach (D:1)
  A hobgoblin (D:1)
  2 kobolds (D:1)
  A rat (D:1)
  A spectral hobgoblin (D:1)
10 creatures vanquished.

Vanquished Creatures (others)
  A bat zombie (D:1)
  A goblin zombie (D:2)
2 creatures vanquished.

Grand Total: 27 creatures vanquished

Table legend:
 A = Non-vault XP
 B = Vault XP
 C = Vault XP percentage of total XP
 D = Non-vault monster count
 E = Vault monster count
 F = Vault count percentage of total count
                 A         B        C        D         E       F
            +---------+---------+-------+---------+---------+-------
      Total |      45 |       1 |   2.2 |      24 |       1 |   4.0
            +---------+---------+-------+---------+---------+-------
        D:1 |      39 |       1 |   2.5 |      20 |       1 |   4.8
        D:2 |       6 |       0 |   0.0 |       4 |       0 |   0.0
            +---------+---------+-------+---------+---------+-------

Illustrated notes

Table legend:
 A = Kills in this place as a percentage of kills in entire the game.
 B = Kills by you in this place as a percentage of kills by you in the entire game.
 C = Kills by friends in this place as a percentage of kills by friends in the entire game.
 D = Other kills in this place as a percentage of other kills in the entire game.
 E = Experience gained in this place as a percentage of experience gained in the entire game.
 F = Experience gained in this place divided by the number of levels of this place that you have seen.
                   A       B       C       D       E      F
               +-------+-------+-------+-------+-------+----------------------
         Total | 100.0 | 100.0 | 100.0 |   N/A | 100.0 |  23.0
       Dungeon | 100.0 | 100.0 | 100.0 |   N/A | 100.0 |  23.0
               +-------+-------+-------+-------+-------+----------------------

Table legend: (Time is in decaauts)
 A = Elapsed time spent in this place.
 B = Non-inter-level travel time spent in this place.
 C = Inter-level travel time spent in this place.
 D = Time resting spent in this place.
 E = Time spent auto-exploring this place.
 F = Levels seen in this place.
 G = Mean time per level.
                   A        B        C        D        E       F      G
               +--------+--------+--------+--------+--------+-----+--------+
         Total |   1838 |   1807 |     31 |    257 |   1308 |   2 |  919.0 |
       Dungeon |   1838 |   1807 |     31 |    257 |   1308 |   2 |  919.0 |
               +--------+--------+--------+--------+--------+-----+--------+

Top non-repeatable levels by time:
     D:1: 1673 daAuts
     D:2: 165 daAuts
